 Dungeon Crawl Stone Soup version 0.31-a0-662-g684573625c (webtiles) character file.

Game seed: 8494038792901641573

99 Maratek the Trooper (level 4, -1/35 HPs)
             Began as a Demonspawn Fighter on Sept 1, 2023.
             Slain by an orc
             ... wielding a +0 whip
              (4 damage)
             ... on level 3 of the Dungeon.
             The game lasted 00:03:29 (1768 turns).

Maratek the Trooper (Demonspawn Fighter)            Turns: 1768, Time: 00:03:29

Health: -1/35      AC:  6    Str: 18    XL:     4   Next: 45%
Magic:  4/4        EV: 10    Int: 10    God:
Gold:   99         SH:  4    Dex: 12    Spells: 3/3 levels left

rFire   . . .        a - +0 war axe
rCold   . . .        c - +0 buckler
rNeg    . . .        b - +0 scale mail
rPois   .            (no helmet)
rElec   .            (no cloak)
rCorr   .            (no gloves)
SInv    .            (no boots)
Will    .....        (no amulet)
Stlth   +            (no ring)
HPRegen 0.25/turn    (no ring)
MPRegen 0.09/turn

%: no passive effects
@: no status effects
A: sturdy frame 2
a: no special abilities


You were on level 3 of the Dungeon.
You visited 1 branch of the dungeon, and saw 3 of its levels.

You collected 99 gold pieces.

Inventory:

Hand Weapons
 a - a +0 war axe (weapon)
Armour
 b - a +0 scale mail (worn)
 c - a +0 buckler (worn)
Jewellery
 k - an amulet of faith
Scrolls
 f - 2 scrolls of teleportation {unknown}
 g - 4 scrolls of identify {unknown}
 h - a scroll of summoning {unknown}
 j - a scroll of fog {unknown}
 l - a scroll of noise {unknown}
Potions
 d - a potion of might
 e - a potion of curing {unknown}
 i - 2 potions of ambrosia {unknown}


   Skills:
 + Level 3.5 Fighting
 + Level 3.1 Axes
 + Level 3.2 Armour
 + Level 0.3 Dodging
 + Level 3.0 Shields


You had 3 spell levels left.
You didn't know any spells.
Your spell library contained the following spells:

 Spells                   Type           Power      Damage    Failure   Level
 Cigotuvi's Dreadful Rot  Necr/Pois/Air  0%         N/A       73%         2
 Ignite Poison            Fire/Tmut/Pois 0%         N/A       91%         3
 Freezing Cloud           Conj/Ice/Air   0%         6-21      100%        5


Dungeon Overview and Level Annotations

Branches:
Dungeon (3/15)

Altars:

Shops:
D:2 *


Innate Abilities, Weirdness & Mutations

Your movements are less encumbered by armour. (ER -4)


Message History

* * * LOW HITPOINT WARNING * * *
You slash something! You hit the orc.
You kill the orc!
You block something's attack.
You barely miss something. You closely miss the orc.
Something hits you but does no damage. You block the orc's attack.
You closely miss something. You hit the orc. Something hits you.
* * * LOW HITPOINT WARNING * * *
The orc hits you with a +0 club.
* * * LOW HITPOINT WARNING * * *
Something hits you.
* * * LOW HITPOINT WARNING * * *
The orc hits you but does no damage.
You slash something!
Reactivating autopickup.
You feel a bit more experienced.
You barely miss the orc. You block the orc's attack.
Your Axes skill increases to level 3!
Things that are here:
a +0 dagger; a +0 robe; an orc corpse The orc attacks as it pursues you!
The orc hits you with a +0 club.
* * * LOW HITPOINT WARNING * * *
The orc attacks as it pursues you! The orc hits you but does no damage.
The orc attacks as it pursues you! The orc hits you but does no damage.
You closely miss the orc.
The orc is severely wounded.
The orc hits you with a +0 club.
* * * LOW HITPOINT WARNING * * *
The orc closely misses you.
You hit the orc.
You kill the orc!
An orc wizard comes into view. It is wielding a +0 dagger.
The orc wizard shouts!
You slash the orc!
You kill the orc!
The orc wizard mumbles some strange words.
The orc wizard flickers and vanishes!
Deactivating autopickup; reactivate with Ctrl-A.
The orc hits you with a +0 whip.
You die...

#.################
#.............#
#........<.##.#
#.########.##.#
#.# #.##†## #.#
#.#...### #.#
#........ #.#
###...... #@#
##.#.## #o## #.#.#
#oo##########.#.#
##.))>oo......#.#
#..######...##.#
#..# .. .#. #{.# #
#..# #..#


You could see 3 orcs.

Vanquished Creatures
  An orc wizard (D:3)
  2 adders (D:2)
  A dart slug (D:1)
  5 orcs (D:3)
  8 ball pythons
  2 bats (D:2)
  4 endoplasms
  A giant cockroach (D:1)
  5 goblins
  6 hobgoblins
  2 quokkas
  2 frilled lizards
  3 kobolds
  5 rats
47 creatures vanquished.

Notes
Turn   | Place    | Note
-------+----------+-------------------------------------------
     0 | D:1      | Maratek the Demonspawn Fighter began the quest for the Orb.
     0 | D:1      | Reached XP level 1. HP: 18/18 MP: 1/1
   221 | D:1      | Gained mutation: Your movements are slightly less
                  | encumbered by armour. (ER -2) [demonic ancestry]
   221 | D:1      | Reached XP level 2. HP: 24/24 MP: 2/2
  1002 | D:2      | Gained mutation: Your movements are less encumbered by
                  | armour. (ER -4) [demonic ancestry]
  1002 | D:2      | Reached XP level 3. HP: 27/29 MP: 3/3
  1184 | D:2      | Found Lukkum's Assorted Antiques.
  1735 | D:3      | Reached XP level 4. HP: 32/35 MP: 4/4
  1768 | D:3      | Slain by an orc

Illustrated notes

Levels and vault maps discovered:
D:1:      lemuel_arrival_broad_hall, layout_loops_ring, serial_forest,
          infiniplex_forest_straight_2, infiniplex_forest_corner_1,
          infiniplex_forest_corner_1, infiniplex_forest_lined_3_way,
          infiniplex_forest_lined_corner, infiniplex_forest_lined_3,
          infiniplex_forest_end_3, reono_crystal_passage
D:2:      layout_loops_ring, serial_shops, shop
D:3:      layout_loops_ring, corexii_corridor_pit

Skill      XL: |  1  2  3  4 |
---------------+-------------+-----
Axes           | 2 3 |  3.1
Armour         | 3 |  3.2
Shields        | 3 |  3.0
Fighting       | |  3.5
Dodging        | |  0.3

Action                     |  1- 3 |  4- 6 || total
---------------------------+-------+-------++-------
  Melee: War axe           |   177 |    24 ||   201
 Armour: Scale mail        |    77 |    29 ||   106
  Dodge: Dodged            |    55 |     8 ||    63
  Block: Buckler           |    22 |     8 ||    30

Table legend: (Time is in decaauts)
 A = Elapsed time spent in this place.
 B = Non-inter-level travel time spent in this place.
 C = Inter-level travel time spent in this place.
 D = Time resting spent in this place.
 E = Time spent auto-exploring this place.
 F = Levels seen in this place.
 G = Mean time per level.
                   A        B        C        D        E       F      G
               +--------+--------+--------+--------+--------+-----+--------+
         Total |   1853 |   1817 |     36 |      0 |   1377 |   3 |  617.7 |
       Dungeon |   1853 |   1817 |     36 |      0 |   1377 |   3 |  617.7 |
               +--------+--------+--------+--------+--------+-----+--------+

Top non-repeatable levels by time:
     D:1: 923 daAuts
     D:2: 754 daAuts
     D:3: 175 daAuts
